 Dungeon Crawl Stone Soup version 0.29-a0-857-g9b1aa3ac5b (webtiles) character file.

Game seed: 7518030173896334650

58994 clackabat the Impaler (level 14, 0/133 HPs)
             Began as a Minotaur Fighter on July 17, 2022.
             Was a High Priest of Okawaru.
             Slain by a death yak (3 damage)
             ... while petrified
             ... on level 6 of the Lair of Beasts.
             The game lasted 00:49:37 (23693 turns).

clackabat the Impaler (Minotaur Fighter)           Turns: 23693, Time: 00:49:38

Health: 0/133      AC: 20    Str: 27    XL:     14   Next: 51%
Magic:  0/18       EV:  2    Int:  7    God:    Okawaru [*****.]
Gold:   1442       SH:  0    Dex: 13    Spells: 13/13 levels left

rFire   + . .      SeeInvis .   L - +2 trident (vamp)
rCold   . . .      Faith    .   H - +1 kite shield {rF+}
rNeg    + + +      Spirit   +   k - +3 chain mail {Will+}
rPois   ∞          Reflect  .   (helmet restricted)
rElec   .          Harm     +   D - scarf {harm}
rCorr   +          Rampage  .   (no gloves)
Will    ++...                   i - +2 pair of boots
Stlth   ..........              p - amulet of guardian spirit
HPRegen 0.32/turn               y - +6 ring of strength
MPRegen 0.16/turn               A - ring of resist corrosion

@: petrified, heroic, finesse-ful
A: horns 2, retaliatory headbutt
a: Renounce Religion, Heroism, Finesse, Duel


You were on level 6 of the Lair of Beasts.
You worshipped Okawaru.
Okawaru was extremely pleased with you.
You visited 3 branches of the dungeon, and saw 21 of its levels.
You visited 1 bazaar.
You also visited: Sewer.

You collected 1617 gold pieces.
You spent 175 gold pieces at shops.

Inventory:

Hand Weapons
 a - a +0 trident
 L - a +2 vampiric trident (weapon)
 T - a +1 glaive of venom
Missiles
 c - a throwing net
 j - 5 silver javelins (quivered)
 t - 54 poisoned darts
Armour
 i - a +2 pair of boots (worn)
 k - a +3 chain mail of willpower (worn)
 s - a +0 kite shield
 D - a scarf of harm (worn)
 E - a +2 scale mail of fire resistance
 H - a +1 kite shield of fire resistance (worn)
 I - a +0 cloak
 S - a +4 scale mail of cold resistance
 Z - the +0 pair of gloves of Pihuj {*Corrode +Blink Will+ Regen+}
   (Okawaru gifted it to you on level 6 of the Lair of Beasts)

   +Blink:    It lets you blink.
   Regen:     It increases your rate of health regeneration.
   *Corrode:  It may corrode you when you take damage.
   Will:      It increases your willpower.
Jewellery
 d - the amulet "Istrostix" {Reflect rPois rC- Str+2 Dex+4 SH+5}
   (You found it on level 8 of the Dungeon)

   [amulet of reflection]

   It reflects blocked missile attacks.
   Str:       It affects your strength (+2).
   Dex:       It affects your dexterity (+4).
   rC:        It makes you vulnerable to cold.
   rPois:     It protects you from poison.
   SH:        It affects your SH (+5).
 h - a ring of wizardry
 p - an amulet of guardian spirit (around neck)
 q - a +6 ring of intelligence
 y - a +6 ring of strength (left hand)
 A - a ring of resist corrosion (right hand)
 C - a ring of flight
 N - an amulet of reflection
 W - a ring of protection from fire
 X - a +4 ring of evasion
Wands
 x - a wand of roots (31)
 F - a wand of flame (24)
 Y - a wand of mindburst (8)
Scrolls
 g - 14 scrolls of teleportation
 w - 10 scrolls of identify
 G - 2 scrolls of magic mapping
 O - 4 scrolls of silence
 P - 2 scrolls of fog
 Q - a scroll of blinking
 V - 2 scrolls of fear
Potions
 b - 2 potions of berserk rage
 e - a potion of magic
 f - 2 potions of flight
 l - 5 potions of mutation
 m - 4 potions of heal wounds
 n - a potion of ambrosia
 r - 6 potions of haste
 u - 12 potions of curing
 v - 2 potions of invisibility
 B - 8 potions of attraction
 J - 2 potions of brilliance
 M - 3 potions of cancellation
 U - a potion of resistance


   Skills:
 + Level 14.8(19.8) Fighting
 * Level 16.6(21.6) Polearms
 + Level 4.1(9.1) Throwing
 - Level 12.0(17.0) Armour
 - Level 10.4(15.4) Dodging
 - Level 12.0(17.0) Shields
 - Level 7.0 Invocations


You had 13 spell levels left.
You didn't know any spells.
Your spell library contained the following spells:

 Spells                   Type           Power      Damage    Failure   Level
 Foxfire                  Conj/Fire      0%         2x1d4     94%         1
 Freeze                   Ice            0%         1d3       94%         1
 Magic Dart               Conj           0%         1d3       94%         1
 Blink                    Tloc           0%         N/A       98%         2
 Passwall                 Tmut/Erth      0%         N/A       98%         2
 Poisonous Vapours        Pois/Air       0%         N/A       98%         2
 Searing Ray              Conj           0%         2d4       98%         2
 Sublimation of Blood     Necr           0%         N/A       98%         2
 Wereblood                Tmut           0%         N/A       98%         2
 Conjure Flame            Conj/Fire      0%         6-21      100%        3
 Frozen Ramparts          Ice            0%         1d2       100%        3
 Inner Flame              Hex/Fire       0%         N/A       100%        3
 Stone Arrow              Conj/Erth      0%         3d7       100%        3
 Corpse Rot               Necr/Pois/Air  0%         N/A       100%        4
 Flame Wave               Conj/Fire      0%         2d4       100%        4
 Fulminant Prism          Conj/Hex       0%         3d6       100%        4
 Hailstorm                Conj/Ice       0%         3d3       100%        4
 Leda's Liquefaction      Hex/Erth       0%         N/A       100%        4
 Petrify                  Tmut/Erth      0%         N/A       100%        4
 Fireball                 Conj/Fire      0%         3d3       100%        5
 Lee's Rapid Deconstruct  Erth           0%         3d5*      100%        5
 Lightning Bolt           Conj/Air       0%         1d11      100%        5
 Manifold Assault         Tloc           0%         N/A       100%        5
 Metabolic Englaciation   Hex/Ice        0%         N/A       100%        5
 Starburst                Conj/Fire      0%         6d3       100%        6
 Statue Form              Tmut/Erth      0%         N/A       100%        6
 Storm Form               Tmut/Air       0%         N/A       100%        7
 Ignition                 Fire           0%         3d3       100%        8
 Lehudib's Crystal Spear  Conj/Erth      0%         10d2      100%        8
 Summon Small Mammal      Summ           Unusable   N/A       N/A         1
 Call Canine Familiar     Summ           Unusable   N/A       N/A         3
 Summon Guardian Golem    Hex/Summ       Unusable   N/A       N/A         3
 Animate Armour           Summ/Erth      Unusable   N/A       N/A         4
 Summon Lightning Spire   Summ/Air       Unusable   N/A       N/A         4
 Summon Hydra             Summ           Unusable   N/A       N/A         7

Dungeon Overview and Level Annotations

Branches:
Dungeon (14/15)            Temple (1/1) D:7            Lair (6/6) D:11
  Swamp (0/4) Lair:4       Spider (0/4) Lair:4        Slime (0/5) Lair:6
    Orc (0/2) D:11          Sewer (visited)
 Vaults: D:13-14

Altars:
Ashenzari
Cheibriados
Dithmenos
Elyvilon
Fedhas
Gozag
Hepliaklqana
Kikubaaqudgha
Makhleb
Nemelex Xobeh
Okawaru
Qazlal
Ru
Sif Muna
Trog
Uskayaw
Vehumet
Wu Jian
Xom
Yredelemnul
Zin
The Shining One
Jiyva

Annotations:
D:3 1 runed translucent door, xian's ghost, amateur SpHu


Innate Abilities, Weirdness & Mutations

You have a pair of horns on your head.
You reflexively headbutt those who attack you in melee.


Message History

You are engulfed in calcifying dust.
The death yak gores you!
The death yak gores you but does no damage.
The yak snorts and paws the ground.
The catoblepas breathes a plume of calcifying dust at you.
The blast of calcifying dust hits you but does no damage.
You hit the catoblepas but do no damage.
The catoblepas is almost dead.
You are engulfed in calcifying dust.
You hit the catoblepas but do no damage.
You headbutt the catoblepas!
You kill the catoblepas!
Okawaru accepts your kill.
You are engulfed in calcifying dust.
You are slowing down.
You feel much better.
You are engulfed in calcifying dust.
Your limbs have turned to stone.
You block the death yak's attack. The death yak gores you!!
You block the death yak's attack.
The death yak gores you! x2; You have turned to stone.
You are engulfed in calcifying dust.
The death yak gores you!! The death yak gores you.
The death yak gores you but does no damage.
The death yak gores you.
The death yak gores you but does no damage. x2
The death yak gores you! The death yak gores you!!
* * * LOW HITPOINT WARNING * * *
The death yak gores you.
* * * LOW HITPOINT WARNING * * *
The death yak gores you!
* * * LOW HITPOINT WARNING * * *
The death yak gores you.
* * * LOW HITPOINT WARNING * * *
The death yak gores you!
* * * LOW HITPOINT WARNING * * *
The death yak gores you.
The death yak gores you but does no damage. x2
The death yak gores you!!
* * * LOW HITPOINT WARNING * * *
The death yak gores you but does no damage.
The death yak gores you.
You die...

#.....###...##
#....## #....##
##...####...##
###..###
###...##....#
##...## ###......##
###..## ##...##P.#
##...# ##..#######
#...## #..## ###
##...###†## ###.##
##@Y....†.####....#
#YY###P....##......
#YY##
###...#......#


.YYYY ##.....##†.# ...8.## ###.###...# .8... #######...## ..8. #..###...## ...P
#P.....## # ### ###......### You could see 4 death yaks and 5 yaks.

Vanquished Creatures
  Nessos (D:12)
  2 boulder beetles
  Erica (Lair:1)
  2 catoblepae (Lair:6)
  9 hydras
  6 two-headed ogres
  3 death yaks (Lair:6)
  Urug (Lair:5)
  Amaemon (Lair:1)
  Nergalle (D:12)
  A lindwurm (Lair:6)
  2 ugly things
  5 cyclopes
  4 manticores
  8 elephants
  A torpor snail (Lair:5)
  2 black mambas
  14 cane toads
  Maggie (Lair:2)
  An unseen horror (D:11)
  An orange demon (Lair:1)
  2 kobold demonologists
  10 komodo dragons
  3 trolls
  2 meliai (D:14)
  A tyrant leech (Lair:4)
  A polar bear (Lair:3)
  A tarantella (shapeshifter) (D:14)
  5 slime creatures
  12 blink frogs
  Prince Ribbit (D:9)
  4 dream sheep (Lair:6)
  4 wyverns
  A shadow (D:12)
  4 culicivoras (Lair:4)
  72 yaks
  3 wraiths
  A vampire (D:12)
  5 basilisks
  Eustachio (D:6)
  A steam dragon (D:6)
  4 vampire mosquitoes (D:12)
  Menkaure (D:6)
  3 swamp worms (Lair:4)
  13 water moccasins
  7 orc warriors
  An ice beast (D:6)
  3 black bears
  8 wolves
  A centaur (D:9)
  A phantom (D:7)
  3 kobold brigands
  2 necrophages
  5 scorpions
  8 bullfrogs
  11 wights
  6 killer bees (D:8)
  2 electric eels (Lair:2)
  A howler monkey (D:6)
  2 crimson imps
  2 hounds (D:6)
  2 jellies
  2 quasits (D:4)
  7 orc priests
  3 iguanas
  An iron imp (D:5)
  Ijyb (D:5)
  12 orc wizards
  11 hell rats
  10 adders
  4 gnolls (D:4)
  3 river rats
  6 shadow imps
  5 white imps
  3 ufetubi
  2 worms
  3 dart slugs
  57 orcs
  2 endoplasms
  3 giant cockroaches
  4 hobgoblins
  6 jackals
  3 quokkas
  10 ball pythons
  6 bats
  2 frilled lizards (D:2)
  5 goblins
  13 kobolds
  6 rats
477 creatures vanquished.

Vanquished Creatures (others)
  7 demonic plants (D:4)
  11 fungi
  27 plants
  2 withered plants (D:3)
47 creatures vanquished.

Grand Total: 524 creatures vanquished

Notes
Turn   | Place    | Note
-------+----------+-------------------------------------------
     0 | D:1      | clackabat the Minotaur Fighter began the quest for the Orb.
     0 | D:1      | Reached XP level 1. HP: 19/19 MP: 0/0
   349 | D:1      | Found a faded altar of an unknown god.
   349 | D:1      | Noticed a shadow demon
   474 | D:1      | Reached skill level 3 in Polearms
   529 | D:1      | Reached XP level 2. HP: 26/27 MP: 1/1
   994 | D:2      | Reached XP level 3. HP: 33/33 MP: 2/2
   996 | D:2      | Reached skill level 4 in Polearms
  1415 | D:2      | Reached XP level 4. HP: 41/41 MP: 3/3
  1887 | D:3      | Found an opulent altar of Gozag.
  1952 | D:3      | Found a runed translucent door.
  1993 | D:3      | Noticed xian's ghost (amateur SpHu)
  2232 | D:3      | Reached skill level 5 in Polearms
  2550 | D:4      | Reached XP level 5. HP: 45/47 MP: 4/4
  2556 | D:4      | Reached skill level 5 in Fighting
  2767 | D:4      | Reached skill level 6 in Polearms
  2877 | D:4      | Reached XP level 6. HP: 37/56 MP: 5/5
  3247 | D:4      | Found a shimmering blue altar of Sif Muna.
  3341 | D:5      | Entered Level 5 of the Dungeon
  3341 | D:5      | Found a glowing drain.
  3355 | Sewer    | Entered a sewer
  3367 | Sewer    | Reached skill level 7 in Polearms
  3468 | Sewer    | Reached XP level 7. HP: 63/63 MP: 6/6
  3489 | Sewer    | Found a white marble altar of Elyvilon.
  3626 | D:5      | Found a sacrificial altar of Ru.
  3658 | D:5      | Found a shimmering altar of Xom.
  3666 | D:5      | Reached skill level 8 in Polearms
  3929 | D:5      | Noticed Ijyb
  3942 | D:5      | Killed Ijyb
  3996 | D:5      | Found a glowing silver altar of Zin.
  4272 | D:5      | Found a broken altar of Ashenzari.
  4273 | D:5      | Found a basalt altar of Yredelemnul.
  4287 | D:5      | Reached skill level 9 in Polearms
  4538 | D:5      | Found a snail-covered altar of Cheibriados.
  5048 | D:6      | Reached XP level 8. HP: 73/73 MP: 7/7
  5089 | D:6      | Noticed Menkaure
  5100 | D:6      | Killed Menkaure
  5330 | D:6      | Reached skill level 10 in Polearms
  5411 | D:6      | Noticed Eustachio
  5420 | D:6      | Killed Eustachio
  5870 | D:6      | Reached skill level 11 in Polearms
  6461 | D:7      | Found a staircase to the Ecumenical Temple.
  6473 | Temple   | Entered the Ecumenical Temple
  6567 | Temple   | Became a worshipper of Warmaster Okawaru
  6700 | D:7      | Reached skill level 1 in Dodging
  7379 | D:8      | Found an ancient bone altar of Kikubaaqudgha.
  7384 | D:8      | Identified the amulet "Istrostix" {Reflect rPois rC- Str+2
                  | Dex+4 SH+5}
  7447 | D:8      | Reached XP level 9. HP: 76/82 MP: 6/8
  8974 | D:9      | Reached skill level 5 in Armour
  8978 | D:9      | Reached skill level 5 in Shields
  9067 | D:9      | Noticed a kobold demonologist
  9077 | D:9      | Killed a kobold demonologist
  9077 | D:9      | Reached * piety under Okawaru
  9129 | D:9      | Noticed a two-headed ogre
  9144 | D:9      | Killed a two-headed ogre
  9144 | D:9      | Reached ** piety under Okawaru
  9181 | D:9      | Noticed Prince Ribbit
  9197 | D:9      | Killed Prince Ribbit
  9198 | D:9      | Reached skill level 10 in Fighting
  9251 | D:9      | Noticed a two-headed ogre
  9258 | D:9      | Killed a two-headed ogre
  9258 | D:9      | Reached *** piety under Okawaru
  9259 | D:9      | Reached skill level 5 in Dodging
  9259 | D:9      | Reached XP level 10. HP: 53/93 MP: 5/9
  9977 | D:9      | Found a burning altar of Makhleb.
  9977 | D:9      | Found a radiant altar of Vehumet.
 10094 | D:10     | Entered Level 10 of the Dungeon
 10411 | D:10     | Noticed a two-headed ogre
 10422 | D:10     | Killed a two-headed ogre
 10768 | D:10     | Reached **** piety under Okawaru
 10911 | D:10     | Reached ***** piety under Okawaru
 10955 | D:10     | Found a glowing golden altar of the Shining One.
 11177 | D:11     | Noticed a boulder beetle
 11213 | D:11     | Killed a boulder beetle
 11213 | D:11     | Received a gift from Okawaru
 11214 | D:11     | Reached skill level 1 in Invocations
 11214 | D:11     | Reached XP level 11. HP: 83/102 MP: 7/10
 11613 | D:11     | Noticed a red ugly thing
 11620 | D:11     | Killed a red ugly thing
 11834 | D:11     | Found a staircase to the Orcish Mines.
 11923 | D:11     | Noticed an eight-headed hydra
 11932 | D:11     | Killed an eight-headed hydra
 11957 | D:11     | Found a staircase to the Lair.
 11957 | D:11     | Identified the +1 long sword "Pendulum" {flame, Int+4}
 12346 | D:11     | Noticed a two-headed ogre
 12358 | D:11     | Killed a two-headed ogre
 12646 | D:11     | Reached skill level 10 in Armour
 12649 | D:11     | Reached skill level 10 in Shields
 12860 | D:11     | Noticed a two-headed ogre
 12865 | D:11     | Killed a two-headed ogre
 12900 | D:11     | Noticed a six-headed hydra
 12909 | D:11     | Killed a six-headed hydra
 12957 | D:11     | You fall into a shaft and drop 3 floors!
 12977 | D:14     | Reached XP level 12. HP: 59/110 MP: 5/14
 13237 | D:14     | Received a gift from Okawaru
 13238 | D:14     | Reached skill level 5 in Invocations
 13366 | D:14     | Noticed an eight-headed hydra
 13374 | D:14     | Killed an eight-headed hydra
 13531 | D:13     | Noticed a two-headed ogre
 13765 | D:13     | Killed a two-headed ogre
 14111 | D:12     | Found a flickering gateway to a bazaar.
 14373 | Bazaar   | Entered a bazaar
 14379 | Bazaar   | Found Fejucs's Distillery.
 14406 | Bazaar   | Found Vael Bar's Weapon Shop.
 14428 | Bazaar   | Found Higedd's Magic Scroll Shop.
 14441 | Bazaar   | Found Xuselaf's Armour Shop.
 14472 | Bazaar   | Bought a scroll of enchant weapon for 97 gold pieces
 14472 | Bazaar   | Bought a scroll of identify for 26 gold pieces
 14472 | Bazaar   | Bought a scroll of identify for 26 gold pieces
 14472 | Bazaar   | Bought a scroll of identify for 26 gold pieces
 14895 | D:12     | Reached skill level 10 in Dodging
 15138 | D:12     | Noticed a boulder beetle
 15184 | D:12     | Killed a boulder beetle
 15363 | D:12     | Noticed Nessos
 15403 | D:12     | Killed Nessos
 15635 | D:12     | Noticed Nergalle
 15656 | D:12     | Killed Nergalle
 16011 | Lair:1   | Entered Level 1 of the Lair of Beasts
 16551 | Lair:1   | Noticed Erica
 16565 | Lair:1   | Killed Erica
 16565 | Lair:1   | Reached ****** piety under Okawaru
 16566 | Lair:1   | Reached XP level 13. HP: 87/117 MP: 10/17
 16853 | Lair:1   | Reached skill level 12 in Polearms
 16873 | Lair:1   | Found a glowing silver altar of Zin.
 16992 | Lair:1   | Got the Atlas of Earth and Conduction
 16994 | Lair:1   | Noticed Amaemon
 17018 | Lair:1   | Killed Amaemon
 17716 | Lair:2   | Received a gift from Okawaru
 18028 | Lair:2   | Noticed Maggie
 18045 | Lair:2   | Killed Maggie
 18740 | Lair:3   | Identified the +6 whip of Distant Shores {freeze, rF- Will+
                  | Str+5 Dex+4}
 18793 | Lair:3   | Reached skill level 13 in Polearms
 19621 | Lair:4   | Found a hole to the Spider Nest.
 19803 | Lair:4   | Found a staircase to the Swamp.
 20130 | Lair:4   | Received a gift from Okawaru
 20131 | Lair:4   | Reached skill level 14 in Polearms
 21232 | Lair:5   | Noticed Urug
 21259 | Lair:5   | Killed Urug
 21539 | Lair:6   | Entered Level 6 of the Lair of Beasts
 22303 | Lair:6   | Reached skill level 15 in Polearms
 22418 | Lair:6   | Identified the +0 pair of gloves of Pihuj {*Corrode +Blink
                  | Will+ Regen+} (Okawaru gifted it to you on level 6 of the
                  | Lair of Beasts)
 22418 | Lair:6   | Received a gift from Okawaru
 22419 | Lair:6   | Reached XP level 14. HP: 122/132 MP: 13/18
 22423 | Lair:6   | Reached skill level 1 in Throwing
 22510 | Lair:6   | Found a staircase to the Slime Pits.
 22510 | Lair:6   | Found a viscous altar of Jiyva.
 22966 | Lair:6   | Reached skill level 16 in Polearms
 23693 | Lair:6   | HP: 3/133 [death yak (9)]
 23693 | Lair:6   | Slain by a death yak

Illustrated notes

Levels and vault maps discovered:
D:1:      dpeg_arrival_round_c, layout_loops_ring,
          dreamdust_ecumenical_altar_sealed_demon, minmay_stone_trees_medium
D:2:      kennysheep_big_flooded_room, layout_loops_cross, minmay_puff
D:3:      layout_basic, mainiacjoe_overflow_cross_hatched, gammafunk_ghost_grave
D:4:      layout_rooms, kennysheep_little_box, serial_demonic, serial_demonic_g,
          serial_demonic_g, serial_demonic_b, serial_demonic_d,
          serial_demonic_c, serial_demonic_f
D:5:      layout_basic, zin_treasury, mainiacjoe_overflow_two_lobes,
          slow_altar_1, nicolae_overflow_squiral, portal_sewer_entry_b,
          uniq_ijyb
D:6:      layout_basic, minmay_fire_ice_demons, uniq_eustachio, uniq_menkaure
D:7:      layout_loops_corners, minmay_temple_entry_stoned_glass
D:8:      layout_layer_cave, mainiacjoe_overflow_paths
D:9:      layout_stronghold, grunt_temple_overflow_lords_of_destruction,
          uniq_prince_ribbit1
D:10:     layout_roguey, mainiacjoe_overflow_24_doors
D:11:     layout_gridville, minmay_lair_entry_grove, hiddenorc2_lemuel,
          kennysheep_generic_room_6
D:12:     layout_gridville, serial_shops, bzr_entry_gold, uniq_nessos,
          uniq_nergalle
D:13:     statuecave_lemuel, layout_cave_pools, uniq_josephine, uniq_erolcha
D:14:     layout_big_octagon, david_vaults_4, hex_tiny, grunt_ministairs_14
Temple:   nicolae_temple_bog_church
Lair:1:   layout_regular_city, basic_altar, uniq_amaemon, uniq_erica
Lair:2:   layout_small_grid, serial_bayou_pond_e, patterned_corridor,
          serial_bayou_shore_a, infiniplex_staircase_pool_2, grunt_megastairs_3,
          uniq_maggie
Lair:3:   layout_long_grid, grunt_megastairs_1, lemuel_fruit_tree
Lair:4:   layout_small_grid, minmay_swamp_entry_worms,
          hellmonk_spider_entry_life_and_decay
Lair:5:   layout_layer_cave, uniq_urug
Lair:6:   evilmike_catoblepas_cave, layout_hall_layers, slime_entry_1,
          small_statue_intersection, grunt_megastairs_5

Skill      XL: |  1  2  3  4  5  6  7  8  9 10 11 12 13 14 |
---------------+-------------------------------------------+-----
Polearms       | 3 4 5 6 7 9 11 15 16 | 16.6
Fighting       | 4 5 6 7 8 10 11 14 | 14.8
Armour         | 4 6 8 10 12 | 12.0
Dodging        | 1 5 7 8 10 | 10.4
Shields        | 4 6 8 10 12 | 12.0
Invocations    | 1 4 7 |  7.0
Throwing       | 4 |  4.1

Action                   |  1- 3 |  4- 6 |  7- 9 | 10-12 | 13-15 || total
-------------------------+-------+-------+-------+-------+-------++-------
Melee: Trident           |    85 |   152 |   286 |   861 |   848 ||  2232
       Headbutt          |     8 |    22 |    39 |   198 |   240 ||   507
Throw: Javelin           |       |     4 |     4 |     2 |     2 ||    12
Invok: Heroism           |       |       |     1 |    14 |     6 ||    21
       Finesse           |       |       |       |     1 |     2 ||     3
  Use: Scroll            |       |     8 |     6 |    15 |     3 ||    32
       Potion            |       |       |     1 |     5 |     1 ||     7
Armor: Scale mail        |    28 |    65 |    92 |    35 |       ||   220
       Chain mail        |       |       |       |   244 |   282 ||   526
Dodge: Dodged            |    23 |    73 |    92 |   345 |   305 ||   838
Block: Buckler           |    13 |    30 |    43 |   198 |    64 ||   348
       Kite shield       |       |       |       |       |   358 ||   358

Table legend: (Time is in decaauts)
 A = Elapsed time spent in this place.
 B = Non-inter-level travel time spent in this place.
 C = Inter-level travel time spent in this place.
 D = Time resting spent in this place.
 E = Time spent auto-exploring this place.
 F = Levels seen in this place.
 G = Mean time per level.
                   A        B        C        D        E       F      G
               +--------+--------+--------+--------+--------+-----+--------+
         Total |  23214 |  21705 |   1509 |   3549 |  14797 |  23 | 1009.3 |
       Dungeon |  15316 |  14166 |   1150 |   2678 |   9419 |  14 | 1094.0 |
        Temple |    118 |     87 |     31 |      0 |     79 |   1 |  118.0 |
          Lair |   7406 |   7079 |    327 |    871 |   5095 |   6 | 1234.3 |
        Bazaar |    116 |    116 |      0 |      0 |     71 |   1 |  116.0 |
         Sewer |    255 |    255 |      0 |      0 |    133 |   1 |  255.0 |
               +--------+--------+--------+--------+--------+-----+--------+

Top non-repeatable levels by time:
    D:11: 2022 daAuts
     D:8: 1800 daAuts
    D:12: 1529 daAuts
  Lair:5: 1434 daAuts
  Lair:1: 1405 daAuts
  Lair:4: 1392 daAuts
     D:6: 1385 daAuts
  Lair:6: 1325 daAuts
     D:9: 1168 daAuts
  Lair:2: 1143 daAuts
     D:5: 1125 daAuts
     D:2: 1060 daAuts
    D:10: 1048 daAuts
     D:7: 880 daAuts
     D:1: 830 daAuts
